 Dungeon Crawl Stone Soup version 0.30-a0-949-g53dc5368d7 (console) character file.

Game seed: 13744212413579057202

91 utis the Twirler (level 4, -1/27 HPs)
             Began as a Tengu Wanderer on Mar 27, 2023.
             Slain by a gnoll bouda
             ... wielding a +0 club
              (8 damage)
             ... on level 2 of the Dungeon.
             The game lasted 00:04:16 (2097 turns).

utis the Twirler (Tengu Wanderer)                   Turns: 2097, Time: 00:04:17

Health: -1/27      AC:  3    Str: 12    XL:     4   Next: 57%
Magic:  5/5        EV: 12    Int: 10    God:
Gold:   144        SH:  0    Dex: 18    Spells: 3/3 levels left

rFire   . . .      SeeInvis +    a - +0 quarterstaff
rCold   . . .      Faith    .    (shield currently unavailable)
rNeg    . . .      Spirit   .    f - +0 leather armour
rPois   .          Reflect  .    d - +0 hat
rElec   .          Rampage  .    (no cloak)
rCorr   .                        (no gloves)
Will    .....                    (boots unavailable)
Stlth   ++                       (no amulet)
HPRegen 0.24/turn                v - ring of see invisible
MPRegen 0.09/turn                (no ring)

@: no status effects
A: beak, talons 3
a: no special abilities


You were on level 2 of the Dungeon.
You visited 1 branch of the dungeon, and saw 3 of its levels.

You collected 144 gold pieces.

Inventory:

Hand Weapons
 a - a +0 quarterstaff (weapon)
 c - a +2 dagger
Missiles
 b - 2 curare-tipped darts {=f}
 g - 2 poisoned darts (quivered)
Armour
 d - a +0 hat (worn)
 f - a +0 leather armour (worn)
Jewellery
 v - a ring of see invisible (left hand)
Wands
 j - a wand of light (9)
Scrolls
 e - a scroll of fear
 h - a scroll of identify {unknown}
 i - a scroll of enchant armour {unknown}
 k - a scroll of teleportation {unknown}
 m - a scroll of vulnerability {unknown}
Potions
 l - a potion of degeneration {unknown}
 n - a potion of attraction {unknown}
 o - a potion of lignification {unknown}
 p - a potion of curing {unknown}


   Skills:
 + Level 2.9 Fighting
 * Level 4.6 Staves
 - Level 2.0 Throwing
 + Level 1.9 Dodging
 - Level 3.0 Stealth


You had 3 spell levels left.
You didn't know any spells.
Your spell library was empty.

Dungeon Overview and Level Annotations

Branches:
Dungeon (3/15)

Altars:


Innate Abilities, Weirdness & Mutations

You have a beak for a mouth.
You have claws for feet.


Message History

There is a stone staircase leading up here.
You throw a poisoned dart. The poisoned dart hits the gnoll bouda.
The gnoll bouda is poisoned.
The gnoll shouts!
You hear a shout!
The gnoll bouda barks out a call to the hunt!
The gnolls pick up the pace!
A gnoll comes into view. It is wielding a +0 spear of venom.
The gnoll shouts!
A gnoll comes into view. It is wielding a +0 flail.
The gnoll bouda hits you with a +0 club.
The gnoll hits you from afar with a +0 spear.
There is a stone staircase leading up, spattered with blood here.
The gnoll bouda barks out a call to the hunt!
The gnoll picks up the pace!
The gnoll barely misses you. The gnoll closely misses you.
You climb upwards.
There is a stone staircase leading down here.
You hit the gnoll bouda.
The gnoll bouda is heavily wounded.
The gnoll bouda misses you.
You closely miss the gnoll bouda. You claw the gnoll bouda.
The gnoll bouda is severely wounded.
The gnoll bouda looks more healthy.
The gnoll bouda hits you with a +0 club.
* * * LOW HITPOINT WARNING * * *
The gnoll bouda barely misses you.
You hit the gnoll bouda. Your kick misses the gnoll bouda.
The gnoll bouda is almost dead.
The gnoll bouda mumbles some strange prayers to its god.
The gnoll bouda is healed somewhat.
You hit the gnoll bouda but do no damage.
The gnoll bouda is severely wounded.
The gnoll bouda hits you with a +0 club!
* * * LOW HITPOINT WARNING * * *
You are too injured to fight recklessly!
You are too injured to fight recklessly!
You hit the gnoll bouda but do no damage.
The gnoll bouda is severely wounded.
The gnoll bouda hits you with a +0 club!
You die...

░..........░ ░.........░
░..........░ ░░░.........░
░..........░░░...░░░░+░░░░░░░░░
░░.░░░░+░░.....░░░ ░.░.....)..
░.░ ░........░░ ░.░.░░░░░░░
░.░░░░.........░░░░░.░.░░░░░░░
░..............'..............
░░░..........g€░░░░░░░░░░░░░░░
░░░░░░.........)Q............░░..
....░░....░░░░░░░░░░░░░░░░░░.░░.░
...........................░.░░.░
....░░....░░░░░░░░.░...░.<.░.░░.░
....░░....░ ░.░...░.░░░.░░.░
░░░░░░....░ ░.░.░.░.░......░
░....░ ░.░.....░.░.░░░░ ░░░░░░
░.░░░░░░░.░.░ ░.........░.░


You could see a gnoll bouda.

Vanquished Creatures
  4 gnolls
  An adder (D:2)
  5 endoplasms
  2 giant cockroaches (D:2)
  3 hobgoblins
  4 jackals (D:1)
  4 quokkas
  6 ball pythons
  2 bats
  2 frilled lizards
  4 goblins
  A kobold (D:2)
  2 rats (D:1)
40 creatures vanquished.

Notes
Turn   | Place    | Note
-------+----------+-------------------------------------------
     0 | D:1      | utis the Tengu Wanderer began the quest for the Orb.
     0 | D:1      | utis set off with the following items: a +2 dagger, 2
                  | curare-tipped darts {=f}, a +0 quarterstaff, a +0 hat, a
                  | scroll of fear, a +0 leather armour.
     0 | D:1      | Reached XP level 1. HP: 12/12 MP: 2/2
   175 | D:1      | Reached XP level 2. HP: 12/17 MP: 3/3
   337 | D:1      | Reached skill level 1 in Dodging
   469 | D:1      | Reached XP level 3. HP: 22/22 MP: 4/4
   537 | D:1      | Reached skill level 4 in Staves
  1900 | D:2      | Reached XP level 4. HP: 27/27 MP: 5/5
  2097 | D:2      | Slain by a gnoll bouda

Illustrated notes

Levels and vault maps discovered:
D:1:      minmay_arrival_floating_metal, layout_rooms, chequers_garden
D:2:      layout_basic
D:3:      layout_rooms, basic_ecumenical_altar

Skill      XL: |  1  2  3 |
---------------+----------+-----
Dodging        | 1 |  1.9
Staves         | 4 |  4.6
Fighting       | |  2.9
Throwing       | |  2.0
Stealth        | |  3.0

Action                     |  1- 3 |  4- 6 || total
---------------------------+-------+-------++-------
  Melee: Quarterstaff      |    63 |    14 ||    77
         Kick              |    13 |     2 ||    15
         Peck              |     6 |     4 ||    10
  Throw: Stone             |     5 |       ||     5
         Dart              |     2 |     4 ||     6
   Stab: Sleeping          |     4 |       ||     4
         Distracted        |     1 |       ||     1
 Armour: Leather armour    |    13 |       ||    13
  Dodge: Dodged            |    34 |     8 ||    42

Table legend: (Time is in decaauts)
 A = Elapsed time spent in this place.
 B = Non-inter-level travel time spent in this place.
 C = Inter-level travel time spent in this place.
 D = Time resting spent in this place.
 E = Time spent auto-exploring this place.
 F = Levels seen in this place.
 G = Mean time per level.
                   A        B        C        D        E       F      G
               +--------+--------+--------+--------+--------+-----+--------+
         Total |   2123 |   1972 |    151 |    124 |   1404 |   3 |  707.7 |
       Dungeon |   2123 |   1972 |    151 |    124 |   1404 |   3 |  707.7 |
               +--------+--------+--------+--------+--------+-----+--------+

Top non-repeatable levels by time:
     D:2: 1173 daAuts
     D:1: 848 daAuts
     D:3: 101 daAuts
